Map: Dash and Terminal LE (Void)

Players

Method - Winner!

  • Race: Protoss Protoss
  • League: Bronze

SticklerMac

  • Race: Terran Terran
  • League: Bronze

VOD

Have the link to the VOD?

Description

Time

  • Played on: July 28, 2015, 9:29 p.m.
  • Length: 31:25
Show
View Real Time Build Order
Export as new Build Order

Method Protoss - Winner!

Build Orders:  

Get SALT Encoding   

  12  0:08  Pylon  
  12  0:13  Probe  
  13  0:28  Gateway  
  13  0:30  Probe  
  14  0:38  Assimilator  
  14  0:42  Probe (Chrono Boost)  
  15  0:53  Probe (Chrono Boost)  
  16  1:01  Probe (Chrono Boost)  
  16  1:03  Gateway  
  17  1:13  Probe (Chrono Boost)  
  18  1:21  Cybernetics Core  
  18  1:23  Probe (Chrono Boost)  
  19  1:57  Gateway  
  19  2:18  Gateway  
  19  2:21  Pylon  
  19  2:22  Warp Gate (Chrono Boost)  
  19  2:23  Pylon  
  19  2:25  Probe  
  19  2:26  Pylon  
  20  2:30  Adept (Chrono Boost)  
  22  2:39  Probe  
  22  2:40  Adept (Chrono Boost)  
  24  3:14  Adept x4  
  32  3:21  Assimilator  
  32  3:34  Pylon  
  32  3:36  Pylon  
  32  3:43  Forge  
  32  3:47  Adept  
  38  4:00  Stargate  
  36  4:03  Sentry  
  36  4:16  Photon Cannon  
  36  4:20  Photon Cannon  
  36  4:22  Photon Cannon  
  36  4:45  Pylon  
  36  5:03  Sentry  
  36  5:04  Stalker  
  36  5:06  Zealot x2  
  44  5:28  Pylon  
  44  5:41  Zealot  
  44  5:42  Zealot x2  
  48  5:43  Zealot  
  48  5:49  Pylon  
  52  5:56  Photon Cannon  
  52  5:59  Photon Cannon  
  52  6:03  Oracle (Chrono Boost)  
  55  6:16  Adept x2  
  55  6:17  Adept  
  60  7:03  Nexus  
  60  7:28  Photon Cannon  
  60  7:31  Photon Cannon  
  60  7:32  Photon Cannon  
  60  7:34  Pylon  
  60  7:37  Stalker x2  
  64  8:16  Sentry x2  
  62  8:29  Zealot x2  
  48  9:12  Probe (Chrono Boost)  
  39  11:38  Pylon  
  39  11:41  Pylon  
  39  11:59  Probe  
  40  12:11  Probe  
  41  12:23  Probe (Chrono Boost)  
  42  12:34  Probe (Chrono Boost)  
  43  12:40  Probe  
  44  12:52  Probe  
  45  13:04  Probe  
  46  13:22  Gateway  
  46  14:00  Pylon  
  46  14:03  Pylon  
  46  14:18  Probe  
  47  14:27  Cybernetics Core  
  47  14:30  Probe  
  48  15:39  Assimilator  
  48  15:41  Assimilator  
  45  16:19  Probe (Chrono Boost)  
  46  16:29  Probe (Chrono Boost)  
  47  16:36  Probe (Chrono Boost)  
  48  16:45  Stargate  
  48  16:46  Probe (Chrono Boost)  
  50  16:55  Probe (Chrono Boost)  
  51  17:01  Probe (Chrono Boost)  
  51  17:10  Stargate  
  51  17:12  Probe  
  52  17:24  Probe (Chrono Boost)  
  53  17:33  Probe (Chrono Boost)  
  53  17:34  Void Ray (Chrono Boost)  
  58  17:58  Void Ray  
  58  18:02  Pylon  
  58  18:04  Pylon  
  62  18:24  Gateway  
  62  18:25  Gateway  
  62  18:30  Probe (Chrono Boost)  
  63  18:39  Probe (Chrono Boost)  
  64  18:42  Void Ray (Chrono Boost)  
  64  18:48  Probe  
  69  19:07  Robotics Facility  
  69  19:22  Void Ray  
  73  19:52  Void Ray  
  77  20:21  Warp Prism (Chrono Boost)  
  75  20:29  Stalker  
  77  20:37  Pylon  
  77  20:39  Pylon  
  77  20:40  Pylon  
  77  20:55  Warp Prism (Chrono Boost)  
  71  21:16  Stalker  
  71  21:17  Stalker  
  75  21:25  Warp Prism (Chrono Boost)  
  77  21:39  Nexus  
  77  21:43  Assimilator  
  77  21:45  Probe (Chrono Boost)  
  79  21:55  Probe (Chrono Boost)  
  79  22:13  Robotics Bay  
  79  22:15  Robotics Facility  
  79  22:19  Probe (Chrono Boost)  
  81  22:30  Probe (Chrono Boost)  
  81  22:36  Probe  
  82  22:48  Probe  
  83  22:56  Pylon  
  83  22:59  Pylon  
  86  23:10  Disruptor (Chrono Boost)  
  86  23:13  Probe (Chrono Boost)  
  87  23:24  Probe (Chrono Boost)  
  88  23:30  Probe  
  88  23:34  Gateway x2  
  89  23:37  Gateway  
  92  23:45  Disruptor  
  92  23:47  Probe (Chrono Boost)  
  94  23:50  Gateway  
  94  23:51  Gateway  
  94  23:52  Probe (Chrono Boost)  
  94  23:54  Assimilator  
  94  23:57  Probe (Chrono Boost)  
  91  24:24  Stalker x3  
  97  25:01  Extended Thermal Lance, Disruptor  
  97  25:03  Colossus  
  103  25:11  Probe (Chrono Boost)  
  105  25:15  Probe (Chrono Boost)  
  106  25:21  Pylon  
  106  25:22  Probe (Chrono Boost)  
  106  25:24  Probe (Chrono Boost), Pylon  
  106  25:26  Pylon  
  108  25:28  Probe (Chrono Boost)  
  108  25:29  Pylon  
  108  25:30  Probe  
  101  25:56  Colossus (Chrono Boost), Probe (Chrono Boost)  
  108  26:08  Probe (Chrono Boost)  
  108  26:09  Gateway  
  108  26:10  Gateway  
  109  26:12  Gateway  
  109  26:16  Stargate  
  109  26:17  Stargate  
  109  26:20  Stargate  
  109  26:36  Stalker x4  
  109  26:37  Stalker x2  
  109  26:38  Stalker x2  
  125  26:51  Observer (Chrono Boost)  
  125  26:59  Pylon  
  125  27:15  Pylon  
  125  27:16  Observer (Chrono Boost), Pylon  
  125  27:18  Pylon  
  125  27:20  Pylon  
  123  27:37  Observer  
  122  27:54  Stalker x3  
  122  27:55  Stalker x3  
  122  27:56  Stalker  
  122  27:57  Stalker  
  138  28:49  Nexus  
  138  28:52  Assimilator  
  138  28:55  Assimilator  
  138  29:22  Zealot x2  
  138  29:23  Zealot x4  
  150  29:25  Zealot x2  
  154  29:32  Colossus x2  
  136  30:59  Stalker  
  136  31:00  Stalker x4  
  136  31:02  Stalker x2  
Show
View Real Time Build Order
Export as new Build Order

SticklerMac Terran 

Build Orders:  

Get SALT Encoding   

  12  0:29  SCV  
  13  0:43  SCV  
  14  0:52  Supply Depot  
  14  0:55  SCV  
  15  1:03  Refinery  
  15  1:13  SCV  
  15  1:14  Barracks  
  17  1:25  SCV  
  17  1:37  SCV  
  18  1:46  Command Center  
  18  1:49  SCV  
  19  1:56  Barracks  
  19  2:22  SCV  
  20  2:24  Marine  
  20  2:29  Barracks  
  21  2:30  Barracks  
  21  2:32  Barracks  
  21  2:33  Engineering Bay  
  21  2:34  SCV  
  21  2:35  Barracks  
  22  2:46  SCV  
  22  2:49  Barracks  
  23  3:02  Terran Infantry Weapons Level 1  
  23  3:03  SCV  
  23  3:14  Missile Turret  
  23  3:17  Missile Turret  
  23  3:28  Missile Turret  
  23  3:39  Supply Depot  
  23  3:43  Supply Depot  
  23  4:00  Supply Depot  
  23  4:01  SCV  
  30  4:20  Barracks Reactor  
  30  4:22  Barracks Reactor  
  24  4:40  Barracks Reactor  
  24  4:42  Barracks Reactor  
  24  4:46  Barracks Reactor  
  24  4:48  Barracks Reactor x2  
  24  4:55  Orbital Command  
  24  5:06  Marine x4  
  28  5:23  Marine x5  
  28  5:24  Marine x3  
  28  5:25  Marine  
  37  5:28  Marine x3  
  37  5:29  Marine x2  
  42  5:40  Marine  
  42  5:41  Marine x3  
  46  5:50  Supply Depot  
  46  5:52  Supply Depot  
  46  5:54  Supply Depot  
  46  6:01  Marine  
  47  6:11  Marine  
  47  6:13  Supply Depot  
  48  6:22  Marine x6  
  51  6:35  Marine x3  
  47  7:04  Marine  
  47  7:05  Marine  
  47  7:08  Marine  
  50  7:09  Orbital Command  
  50  7:16  Marine  
  50  7:17  Marine  
  52  7:38  SCV  
  52  7:45  Marine x3  
  53  7:55  Marine x4  
  39  9:07  Orbital Command  
  21  9:41  SCV  
  22  9:53  SCV  
  15  10:43  Marine  
  15  10:44  Marine  
  2  11:25  Orbital Command  
  2  11:57  SCV  
  3  12:09  SCV  
  2  12:24  SCV  
  3  12:30  Factory  
  3  13:16  Starport  
  3  13:26  Widow Mine  
  3  13:50  Orbital Command  
    14:16  SCV  
  1  14:31  SCV  
  2  14:38  Viking  
  4  14:48  SCV  
  5  15:03  SCV  
  6  15:39  Refinery  
  6  15:54  SCV  
  5  16:06  SCV  
  6  16:18  SCV  
  7  16:29  Viking  
  7  16:30  SCV  
  10  17:00  SCV  
  11  17:19  Medivac  
  13  17:26  Widow Mine  
  15  17:34  Supply Depot  
  15  17:35  Supply Depot  
  15  17:55  SCV, Widow Mine  
  18  18:07  SCV  
  19  18:13  Viking  
  19  18:19  SCV, Marine  
  23  18:31  SCV  
  24  18:35  Widow Mine  
  24  18:37  Marine  
  27  18:43  SCV  
  28  18:56  SCV  
  28  18:59  Marine  
  28  19:00  Marine  
  31  19:06  Supply Depot  
  31  19:16  Supply Depot  
  31  19:28  SCV, Marine x4  
  36  19:33  Widow Mine  
  38  19:46  Marine  
  38  19:49  Marine x2  
  41  20:19  Medivac  
  41  20:20  Marine  
  44  20:21  Marine  
  44  20:22  Marine  
  46  20:38  Marine  
  47  20:43  Supply Depot  
  47  20:44  Supply Depot  
  47  20:47  Supply Depot  
  47  21:04  Marine x2, Widow Mine  
  47  21:08  Medivac  
  53  21:14  SCV  
  54  21:22  Marine x2  
  56  21:33  Widow Mine  
  60  21:44  Viking  
  60  21:45  Marine  
  61  22:15  Widow Mine  
  61  22:20  Marine x2  
  65  22:23  Viking  
  67  22:37  Marine  
  67  22:38  Marine  
  67  22:44  Widow Mine  
  71  23:12  Supply Depot  
  71  23:17  Supply Depot  
  71  23:33  Widow Mine  
  71  23:34  Viking  
  75  23:36  Marine  
  75  23:37  Marine  
  77  23:54  Marine  
  77  23:55  Marine  
  79  23:57  Supply Depot  
  79  24:02  Supply Depot, Widow Mine  
  81  24:04  Viking  
  83  24:12  Marine  
  81  24:48  Medivac  
  81  24:49  Marine  
  81  24:50  Marine  
  81  24:51  Widow Mine  
  87  25:07  Marine  
  87  25:08  Marine  
  89  25:25  Marine  
  89  25:26  Marine  
  91  25:28  Medivac  
  71  25:50  Marine x2  
  73  26:08  Marine x2  
  66  27:21  Marine x2  
  64  27:38  Marine  
  64  27:39  Marine  
  56  27:53  Medivac  
  56  27:56  Marine x2  
  60  28:14  Marine x2  
  56  28:32  Marine x2  
  58  28:44  Orbital Command  
  58  28:50  Marine x2  
  60  29:07  Marine  
  60  29:08  Marine  
  62  29:37  SCV  
  60  29:50  Supply Depot  
  60  29:52  Supply Depot  
  60  29:53  Supply Depot  
  60  29:54  Supply Depot  
  60  29:57  Supply Depot  
  60  30:08  Barracks  
  60  30:10  Barracks  
  60  30:13  Barracks  
  60  30:14  Barracks  
  42  30:32  Marine x2  
  15  30:58  Marine  
Tags
 
Add a new tag
Caveats
  • Supply blocks, unpowered buildings, or Contaminate may cause inaccurate times.
  • Supply counts are checked every 10 seconds.